 Dungeon Crawl Stone Soup version 0.25-a0-781-gc44aebf4fe (webtiles) character file.

Game seed: 8674836210775967559, levelgen mode: deterministic

192614 15rune the Polluter (level 18, -5/150 HPs)
             Began as a Naga Wizard on Apr 13, 2020.
             Was an Elder of Zin (penitent).
             Slain by a tentacled monstrosity (7 damage)
             ... on level 4 of the Swamp on Apr 15, 2020.
             The game lasted 03:17:20 (56294 turns).

15rune the Polluter (Naga Wizard)                  Turns: 56294, Time: 03:17:22

Health: -5/150     AC: 15    Str: 11    XL:     18   Next: 69%
Magic:  18/32      EV:  6    Int: 26    God:    Zin [*]
Gold:   545        SH:  6    Dex: 14    Spells: 5/37 levels left

rFire    + + .     SeeInvis +   S - +5 rapier "Gasici" {venom, Int+2}
rCold    + . .     Gourm    +   I - +2 buckler {AC+3}
rNeg     . . .     Faith    .   y - +1 robe {rC+ rF+}
rPois    +         Spirit   .   B - +2 hat
rElec    .         Reflect  .   (no cloak)
rCorr    .         Harm     .   O - +1 pair of gloves {Dex+3}
MR       ++...                  (no barding)
Stlth    ++........             V - amulet of the gourmand
HPRegen  0.35/turn              J - ring of protection from fire
MPRegen  0.23/turn              Q - +4 ring of slaying

@: very slightly contaminated, constricted, heavily drained, very slow
A: large, see invisible, deformed body, poison resistance, slowness 2, slow
metabolism 1, spit poison 1, constrict 1, AC +6
a: Spit Poison, Donate Gold, Renounce Religion


You were on level 4 of the Swamp.
You worshipped Zin.
Zin was demanding penance.
You were hungry.

You visited 5 branches of the dungeon, and saw 28 of its levels.
You also visited: Bailey.

You collected 2772 gold pieces.
You spent 1968 gold pieces at shops.
You donated 259 gold pieces to Zin.

Inventory:

Hand Weapons
 b - the +4 fustibalus "Poneumen" {freeze, rPois}
   (You acquired it on level 1 of the Orcish Mines)

   It causes projectiles fired from it to freeze those they strike, causing
   extra injury to most foes and up to half again as much damage against
   particularly susceptible opponents.
   They can also slow down cold-blooded creatures.
   It protects you from poison.
 F - the +6 hunting sling "Hegya" {vorpal, *Corrode +Blink Str+6 Dex-5 SInv}
   (You found it on level 6 of the Dungeon)

   Any stone fired from it inflicts extra damage.
   It affects your strength (+6).
   It affects your dexterity (-5).
   It lets you see invisible.
   It lets you blink.
   It may corrode you when you take damage.
 S - the +5 rapier "Gasici" (weapon) {venom, Int+2}
   (You bought it in a shop on level 2 of the Orcish Mines)

   It poisons the flesh of those it strikes.
   It affects your intelligence (+2).
Missiles
 z - 189 stones (quivered)
 G - 69 sling bullets
Armour
 s - a +0 helmet
 y - a +1 robe of resistance (worn)
 B - a +2 hat (worn)
 C - +0 steam dragon scales
 I - a +2 buckler of protection (worn)
 O - a +1 pair of gloves of dexterity (worn)
 T - a +0 kite shield of reflection
Magical Staves
 E - an uncursed staff of poison
Jewellery
 k - a +4 ring of strength
 w - an uncursed ring of positive energy
 J - a ring of protection from fire (left hand)
 P - an uncursed ring of protection from fire
 Q - a +4 ring of slaying (right hand)
 V - an amulet of the gourmand (around neck)
Wands
 p - a wand of clouds (6)
 H - a wand of flame (28)
 R - a wand of enslavement (14)
 U - a wand of paralysis (8)
 X - a wand of disintegration (5)
 Z - a wand of scattershot (3)
Scrolls
 a - 3 scrolls of immolation
 o - a scroll of fear
 q - 2 scrolls of teleportation
 u - 6 scrolls of amnesia
 x - 3 scrolls of enchant armour
 D - 7 scrolls of enchant weapon
 N - 4 scrolls of remove curse
 W - 2 scrolls of vulnerability
Potions
 e - 3 potions of brilliance
 f - 2 potions of degeneration
 g - 8 potions of lignification
 h - 5 potions of magic
 j - a potion of berserk rage
 m - 4 potions of haste
 n - 6 potions of might
 t - a potion of resistance
 A - 2 potions of curing
 K - 2 potions of stabbing
 L - 4 potions of flight
Miscellaneous
 c - a phantom mirror
 r - a lightning rod (4/4)
Comestibles
 d - 19 rations


   Skills:
 + Level 6.9(5.4) Fighting
 * Level 10.8(9.2) Short Blades
 - Level 14.0(12.2) Slings
 - Level 1.5(0.2) Dodging
 - Level 5.0(3.5) Stealth
 + Level 3.0(1.6) Shields
 + Level 10.2(8.5) Spellcasting
 - Level 8.0(6.4) Conjurations
 - Level 3.0(1.7) Hexes
   Level 3.0(1.6) Summonings
 - Level 3.0(1.6) Translocations
 - Level 7.0(5.4) Transmutations
 + Level 3.2(1.9) Fire Magic
 - Level 3.0(1.6) Ice Magic
 - Level 3.0(1.7) Air Magic
 - Level 15.0(13.1) Poison Magic
 + Level 12.0(10.3) Invocations
 - Level 5.0(3.5) Evocations


You had 5 spell levels left.
You knew the following spells:

 Your Spells              Type           Power        Failure   Level  Hunger
a - Magic Dart            Conj           ####         1%          1    None
b - Blink                 Tloc           N/A          4%          2    None
c - Alistair's Intoxicat  Tmut/Pois      ######..     3%          5    ####...
d - Slow                  Hex            ###.....     4%          2    None
e - Mephitic Cloud        Conj/Pois/Air  #####...     1%          3    None
f - Conjure Flame         Conj/Fire      ####....     3%          3    None
g - Frozen Ramparts       Ice            ###...       10%         3    None
h - Ignite Poison         Fire/Tmut/Pois #####...     1%          3    None
i - Eringya's Noxious Bo  Tmut/Pois      ######....   21%         6    ######.
j - Olgreb's Toxic Radia  Pois           ######..     1%          4    ##.....

Your spell library contained the following spells:

 Spells                   Type           Power        Failure   Level  Hunger
 Sting                    Tmut/Pois      ####         1%          1    None
 Poisonous Vapours        Pois/Air       #####.       1%          2    None
 Spider Form              Tmut/Pois      ######....   1%          3    None
 Summon Butterflies       Summ           ###.....     3%          1    None
 Summon Small Mammal      Summ           ###.         3%          1    None
 Call Imp                 Summ           ###.....     4%          2    None
 Call Canine Familiar     Summ           ###.....     9%          3    None
 Summon Guardian Golem    Hex/Summ       ###.....     9%          3    None
 Ice Form                 Ice/Tmut       ####....     14%         4    ##.....
 Irradiate                Conj/Tmut      #####.....   14%         5    ####...
 Summon Ice Beast         Ice/Summ       ###.....     30%         4    ##.....
 Summon Lightning Spire   Summ/Air       ###.....     30%         4    ##.....
 Metabolic Englaciation   Hex/Ice        ###.......   63%         5    ####...
 Summon Mana Viper        Hex/Summ       ###.....     63%         5    ####...
 Hydra Form               Tmut           #####.....   69%         6    ######.
 Freezing Cloud           Conj/Ice/Air   ####......   94%         6    ######.
 Statue Form              Tmut/Erth      ####.....    97%         6    ######.
 Ozocubu's Refrigeration  Ice            ###.......   99%         6    ######.
 Dragon Form              Tmut           #####.....   99%         7    #######
 Simulacrum               Ice/Necr       ###.......   100%        6    ######.
 Malign Gateway           Summ/Tloc      ###.......   100%        7    #######
 Monstrous Menagerie      Summ           ###.......   100%        7    #######
 Ring of Flames           Chrm/Fire      ###.......   100%        7    #######
 Summon Greater Demon     Summ           ###.......   100%        7    #######
 Summon Hydra             Summ           ###.......   100%        7    #######
 Summon Horrible Things   Summ           ###.......   100%        8    #######


Dungeon Overview and Level Annotations

Branches:
Dungeon (15/15)            Temple (1/1) D:5            Lair (6/6) D:8
  Swamp (4/4) Lair:4       Spider (0/4) Lair:4        Slime (0/5) Lair:5
    Orc (2/2) D:12            Elf (0/3) Orc:2        Vaults (0/5) D:14
 Depths (0/5) D:15         Bailey (visited)

Altars:
Cheibriados
Dithmenos
Elyvilon
Fedhas
Hepliaklqana
Kikubaaqudgha
Makhleb
Qazlal
Ru
Trog
Vehumet
Wu Jian
Yredelemnul
Zin
Beogh

Shops:
D:7 :*?   D:8 *   Orc:2 ([([

Annotations:
D:15 Roxanne
Lair:2 Gastronok
Swamp:1 2 transporters


Innate Abilities, Weirdness & Mutations

You cannot wear boots.
Your serpentine skin is tough. (AC +6)
You have supernaturally acute eyesight. (SInv)
Armour fits poorly on your strangely shaped body.
Your system is resistant to poisons. (rPois)
You cover ground very slowly.
You have a slow metabolism.
You can spit poison.
You can use your snake-like lower body to constrict enemies.


Message History

* * * LOW HITPOINT WARNING * * *
You block the tentacled monstrosity's attack.
The tentacled monstrosity tentacle-slaps you.
* * * LOW HITPOINT WARNING * * *
The tentacled monstrosity grabs you.
* * * LOW HITPOINT WARNING * * *
The tentacled monstrosity constricts you.
Your shambling mangrove festers in the toxic bog!
Your shambling mangrove is poisoned.
Unknown command.
Unknown command.
Unknown command.
Okay, then.
Okay, then.
The tentacled monstrosity's grasp on you weakens, but your attempt to escape fails.
The tentacled monstrosity tentacle-slaps you.
* * * LOW HITPOINT WARNING * * *
The tentacled monstrosity tentacle-slaps you but does no damage.
The tentacled monstrosity completely misses you.
You die...

≈≈ ♣≈ ♣♣≈♣♣♣
♣..≈≈♣♣ ♣.≈≈≈≈♣♣
♣.≈≈≈≈≈♣ ♣
♣♣.≈≈≈≈.♣
♣..♣♣≈≈≈≈X@♣ ♣
♣....≈≈≈≈f§♣♣.≈≈.
♣≈..≈≈≈≈§§§≈≈.≈≈≈.
♣..≈..≈..≈§≈≈≈.≈≈♣
.≈≈≈.≈≈≈≈.≈≈≈≈<.≈♣
≈≈≈≈≈≈≈≈♣≈.....≈♣♣
.≈≈≈≈.≈≈≈♣♣♣♣♣..♣
♣.≈≈...≈♣ ≈.♣
♣♣♣♣...≈♣ ♣♣


You could see a tentacled monstrosity and a friendly shambling mangrove.

Vanquished Creatures
  Frances (Swamp:1)
  2 thorn hunters (Swamp:2)
  Donald (Swamp:2)
  2 orc warlords
  A dire elephant (D:15)
  Azrael (Orc:1)
  Josephine (D:15)
  A fire dragon (Lair:6)
  8 vault guards
  A rakshasa (D:15)
  8 hydras
  A catoblepas (Lair:2)
  3 centaur warriors
  A shambling mangrove (Swamp:3)
  2 two-headed ogres
  6 alligators
  A ghost crab (Swamp:3)
  The ghost of Anaz the Basher, a novice DgAE (D:10)
  2 orc high priests (Orc:2)
  4 death yaks
  A tengu warrior (D:15)
  Sonja (D:12)
  Nergalle (D:10)
  2 spriggan druids
  An unseen horror (D:15)
  A lindwurm (Lair:6)
  Pikel (D:5)
  6 oklob plants
  4 orc knights
  22 ugly things
  4 orc sorcerers
  A wolf spider (D:15)
  4 deep elf magi
  4 cyclopes
  An elephant (shapeshifter) (D:14)
  9 black mambas
  5 elephants
  3 molten gargoyles (Lair:6)
  24 spiny frogs
  2 gargoyles
  5 centaur skeletons
  A torpor snail (Lair:4)
  14 komodo dragons
  Maggie (D:6)
  An efreet (D:14)
  A harpy zombie (D:15)
  10 trolls
  3 meliai (D:15)
  2 polar bears
  A wolf spider simulacrum (D:15)
  A merfolk (D:15)
  A meliai zombie (D:14)
  5 tyrant leeches
  11 hornets
  Prince Ribbit (D:8)
  12 hippogriffs
  10 dream sheep
  9 bog bodies
  Grinder (D:6)
  23 slime creatures
  21 blink frogs
  A centaur simulacrum (D:15)
  2 shadows
  5 wraiths
  7 spriggans
  A tarantella (Lair:4)
  2 water elementals (D:14)
  4 wyverns
  34 yaks
  2 basilisks
  2 steam dragons (Lair:6)
  4 hungry ghosts
  10 swamp worms
  18 vampire mosquitoes
  7 wargs
  7 insubstantial wisps
  8 water moccasins
  An acid dragon (D:15)
  2 porcupines
  9 hell hounds
  35 orc warriors
  4 ice beasts
  7 swamp drakes
  2 eyes of draining (D:11)
  5 sky beasts
  2 black bears
  6 necrophages
  9 ogres
  35 wolves
  2 phantoms
  24 centaurs
  10 crocodiles
  4 big kobolds
  17 bullfrogs
  A wyvern zombie (D:12)
  4 scorpions
  A wyvern skeleton (D:8)
  2 troll zombies (D:12)
  3 killer bees (D:10)
  7 wights
  An electric eel (Lair:1)
  2 howler monkeys
  6 centaur zombies
  5 lava snakes
  2 bullfrog zombies
  8 crimson imps
  8 hounds
  5 jellies
  21 orc priests
  2 bullfrog skeletons
  A gnoll shaman (D:6)
  33 orc wizards
  3 iguanas
  15 worker ants
  A killer bee zombie (D:5)
  6 ogre zombies (D:12)
  A hound zombie (D:8)
  4 hound skeletons
  A howler monkey zombie (D:6)
  A worker ant zombie (D:7)
  A howler monkey skeleton (D:4)
  5 gnolls
  12 adders
  3 shadow imps
  An ooze (D:1)
  An adder zombie (D:6)
  3 dart slugs
  4 worms
  5 leopard geckos
  97 orcs
  14 bats
  6 giant cockroaches
  15 goblins
  15 hobgoblins
  4 jackals
  39 kobolds
  10 quokkas
  2 ball pythons
  8 frilled lizards
  2 goblin skeletons (D:12)
  4 goblin zombies (D:12)
  A hobgoblin skeleton (D:12)
  3 hobgoblin zombies (D:12)
  15 orc zombies (D:12)
  8 rats
  3 plants
992 creatures vanquished.

Vanquished Creatures (collateral kills)
  A yak (D:11)
  An ice beast (D:2)
  A centaur (D:11)
  A wight (D:10)
  3 gnolls (D:6)
  An orc (D:5)
  A bat (D:3)
  4 jackals
  A kobold (D:3)
14 creatures vanquished.

Vanquished Creatures (others)
  A tentacled monstrosity (Swamp:1)
  6 ugly things
  5 slime creatures
  A spiny frog (Swamp:2)
  2 tyrant leeches
  A warg (Orc:1)
  A bullfrog zombie (D:5)
  3 briar patches
  12 fungi
  9 plants
  4 toadstools (Swamp:2)
45 creatures vanquished.

Grand Total: 1051 creatures vanquished

Notes
Turn   | Place    | Note
-------+----------+-------------------------------------------
     0 | D:1      | 15rune the Naga Wizard began the quest for the Orb.
     0 | D:1      | Reached XP level 1. HP: 15/15 MP: 4/4
    57 | D:1      | Reached XP level 2. HP: 10/24 MP: 0/6
   147 | D:1      | Learned a level 2 spell: Blink
   151 | D:1      | Learned a level 2 spell: Call Imp
   154 | D:1      | Learned a level 2 spell: Slow
   665 | D:1      | Reached XP level 3. HP: 30/30 MP: 3/7
  1618 | D:1      | Reached skill level 1 in Fighting
  1875 | D:2      | Reached XP level 4. HP: 38/38 MP: 1/8
  2012 | D:2      | Reached skill level 1 in Hexes
  2116 | D:2      | Reached XP level 5. HP: 21/44 MP: 1/10
  2385 | D:2      | Learned a level 3 spell: Mephitic Cloud
  2404 | D:2      | Found a stormy altar of Qazlal.
  2459 | D:2      | Noticed an ice beast
  2621 | D:2      | Killed an ice beast
  2787 | D:3      | Reached skill level 1 in Poison Magic
  2900 | D:2      | Reached XP level 6. HP: 52/52 MP: 9/11
  3445 | D:3      | Reached skill level 1 in Air Magic
  3609 | D:3      | Reached skill level 5 in Stealth
  4049 | D:3      | Found a shadowy altar of Dithmenos.
  4470 | D:4      | Reached skill level 2 in Poison Magic
  4906 | D:5      | Entered Level 5 of the Dungeon
  4918 | D:5      | Reached XP level 7. HP: 38/60 MP: 6/13
  4924 | D:5      | Reached skill level 3 in Poison Magic
  5142 | D:5      | Reached skill level 5 in Conjurations
  5590 | D:5      | Found a staircase to the Ecumenical Temple.
  5601 | Temple   | Entered the Ecumenical Temple
  5608 | Temple   | Became a worshipper of Vehumet
  5939 | D:5      | Noticed Pikel
  5964 | D:5      | Killed Pikel
  5964 | D:5      | Reached XP level 8. HP: 27/67 MP: 1/14
  6184 | D:5      | Noticed a two-headed ogre
  6195 | D:5      | HP: 2/67 [two-headed ogre/+0 giant club (25)]
  6215 | D:5      | Killed a two-headed ogre
  6533 | D:5      | Found an ornate altar of the Wu Jian Council.
  6668 | D:6      | Noticed Grinder
  6703 | D:6      | Reached XP level 9. HP: 26/73 MP: 10/16
  6719 | D:6      | Noticed Maggie
  6747 | D:6      | Killed Maggie
  6747 | D:6      | Reached skill level 5 in Spellcasting
  6747 | D:6      | Reached skill level 4 in Poison Magic
  7116 | D:6      | Learned a level 3 spell: Conjure Flame
  7264 | D:6      | Reached * piety under Vehumet
  7264 | D:6      | Offered knowledge of Sandblast by Vehumet.
  7287 | D:6      | Got a polished hunting sling
  7288 | D:6      | Identified the +6 hunting sling "Hegya" {vorpal, *Corrode
                  | +Blink Str+6 Dex-5 SInv} (You found it on level 6 of the
                  | Dungeon)
  7466 | D:6      | Killed Grinder
  7466 | D:6      | Reached skill level 1 in Slings
  7466 | D:6      | Reached skill level 5 in Poison Magic
  8091 | D:7      | Reached skill level 1 in Evocations
  8494 | D:7      | Found Siyci's General Store.
  8499 | D:7      | Found Daosmib's Book Emporium.
  8509 | D:7      | Bought a scroll of teleportation for 39 gold pieces
  8964 | D:7      | Reached XP level 10. HP: 58/80 MP: 13/19
  9089 | D:7      | Found a blossoming altar of Fedhas.
  9090 | D:7      | Found a burning altar of Makhleb.
  9167 | D:7      | Found Coledain's Magic Scroll Emporium.
  9176 | D:7      | Bought a scroll of summoning for 104 gold pieces
  9176 | D:7      | Bought a scroll of fear for 38 gold pieces
  9523 | D:8      | Offered knowledge of Freeze by Vehumet.
  9606 | D:8      | Found a staircase to the Lair.
  9611 | D:8      | Reached ** piety under Vehumet
  9766 | D:8      | Found Renepn's Serpentskin Sales.
 10209 | D:8      | Reached skill level 5 in Slings
 10210 | D:8      | Noticed Prince Ribbit
 10864 | D:9      | Found a sacrificial altar of Ru.
 10864 | D:9      | Noticed a cyclops
 10891 | D:9      | Killed a cyclops
 11262 | D:9      | Found a glowing silver altar of Zin.
 11738 | D:10     | Entered Level 10 of the Dungeon
 11767 | D:10     | Noticed Nergalle
 11789 | D:10     | Killed Nergalle
 12058 | D:10     | Offered knowledge of Frozen Ramparts by Vehumet.
 12063 | D:10     | Learned a level 3 spell: Frozen Ramparts
 12275 | D:10     | Found a runed translucent door.
 12278 | D:10     | Noticed Anaz's ghost (novice DgAE)
 12525 | D:10     | Reached skill level 5 in Evocations
 12806 | D:10     | Reached skill level 1 in Fire Magic
 12806 | D:10     | Reached skill level 1 in Ice Magic
 12882 | D:10     | Reached *** piety under Vehumet
 13537 | D:11     | Noticed a two-headed ogre
 13552 | D:11     | Killed a two-headed ogre
 13552 | D:11     | Reached skill level 1 in Short Blades
 13552 | D:11     | Reached XP level 11. HP: 23/86 MP: 18/21
 14031 | D:11     | HP: 4/86 [yak (8)]
 14564 | D:11     | Noticed a cyclops
 14581 | D:11     | Killed a cyclops
 14622 | D:11     | Offered knowledge of Ignite Poison by Vehumet.
 14627 | D:11     | Learned a level 3 spell: Ignite Poison
 14989 | D:11     | Noticed a purple ugly thing
 15024 | D:11     | Killed a purple ugly thing
 15259 | D:11     | Noticed a cyclops
 15281 | D:11     | Killed a cyclops
 15960 | D:11     | Reached **** piety under Vehumet
 16184 | D:11     | Reached skill level 5 in Short Blades
 16514 | Lair:1   | Entered Level 1 of the Lair of Beasts
 16557 | Lair:1   | Reached skill level 10 in Slings
 16689 | Lair:1   | Reached XP level 12. HP: 93/93 MP: 9/22
 16724 | Lair:1   | Offered knowledge of Inner Flame by Vehumet.
 16725 | Lair:1   | Upgraded the game from 0.25-a0-743-g84dc20635f to
                  | 0.25-a0-774-g40ae2d4f90
 17359 | Lair:1   | Reached skill level 1 in Transmutations
 17458 | Lair:1   | Fell from the grace of Vehumet
 17525 | D:9      | Became a worshipper of Zin the Law-Giver
 17525 | D:9      | Reached * piety under Zin
 17525 | D:9      | Reached ** piety under Zin
 18178 | Lair:2   | Reached skill level 1 in Invocations
 18273 | Lair:2   | Noticed a catoblepas
 18314 | Lair:2   | Killed a catoblepas
 18691 | Lair:2   | Noticed Gastronok
 18930 | Lair:2   | HP: 1/93 [Gastronok/the air (33)]
 21152 | Lair:3   | Gained mutation: You can use your snake-like lower body to
                  | constrict enemies. [Naga growth]
 21152 | Lair:3   | Reached XP level 13. HP: 97/99 MP: 16/24
 24034 | Lair:4   | Was forgiven by Vehumet
 24745 | Lair:4   | Found a staircase to the Swamp.
 24762 | Lair:4   | Reached skill level 5 in Invocations
 24812 | Lair:4   | Found a hole to the Spider Nest.
 24831 | Lair:4   | Reached *** piety under Zin
 25750 | Lair:6   | Entered Level 6 of the Lair of Beasts
 26205 | Lair:5   | Found a staircase to the Slime Pits.
 26640 | Lair:5   | Reached skill level 6 in Poison Magic
 26862 | Lair:5   | Reached XP level 14. HP: 60/108 MP: 22/27
 27452 | Lair:6   | Reached skill level 7 in Poison Magic
 27749 | Lair:6   | Reached skill level 8 in Poison Magic
 28052 | Lair:6   | Reached skill level 9 in Poison Magic
 28510 | D:7      | Got a jewelled ring mail
 28521 | D:7      | Identified the cursed +1 ring mail "Inyschius" {Dex+2} (You
                  | found it on level 7 of the Dungeon)
 29060 | Lair:6   | Reached skill level 10 in Poison Magic
 29668 | Lair:6   | Found a large runed translucent door.
 29673 | Lair:6   | Found a large runed translucent door.
 32214 | D:12     | Reached skill level 11 in Poison Magic
 32683 | D:12     | Noticed Sonja
 32691 | D:12     | Killed Sonja
 32996 | D:12     | Reached **** piety under Zin
 33133 | D:8      | Bought Karal's Compendium of Venom for 780 gold pieces
 33140 | D:8      | Learned a level 6 spell: Eringya's Noxious Bog
 33356 | D:12     | Found a bloodstained altar of Trog.
 33579 | D:12     | Found a staircase to the Orcish Mines.
 34049 | D:13     | Reached skill level 5 in Fighting
 34097 | D:13     | Learned a level 4 spell: Olgreb's Toxic Radiance
 34582 | D:13     | Reached ***** piety under Zin
 34957 | Orc:1    | Entered Level 1 of the Orcish Mines
 35172 | Orc:1    | Reached skill level 12 in Poison Magic
 35375 | Orc:1    | Reached skill level 5 in Transmutations
 35375 | Orc:1    | Reached XP level 15. HP: 57/123 MP: 14/28
 35382 | Orc:1    | Found a flagged portal.
 35399 | Bailey   | Entered a bailey
 35514 | Bailey   | Noticed an orc warlord
 35591 | Bailey   | Found a runed translucent gate.
 35600 | Bailey   | Identified 2 scrolls of acquirement
 35603 | Bailey   | Found a runed translucent gate.
 35603 | Bailey   | Found a runed translucent gate.
 35628 | Bailey   | Killed an orc warlord
 35772 | Bailey   | Reached skill level 13 in Poison Magic
 35772 | Bailey   | Reached XP level 16. HP: 130/130 MP: 29/29
 36285 | Orc:1    | Identified the +4 fustibalus "Poneumen" {freeze, rPois}
                  | (You acquired it on level 1 of the Orcish Mines)
 36593 | Orc:2    | Entered Level 2 of the Orcish Mines
 36593 | Orc:2    | Noticed Azrael
 36613 | Orc:1    | Killed Azrael
 36957 | Orc:2    | Reached ****** piety under Zin
 37055 | Orc:2    | Found a roughly hewn altar of Beogh.
 37376 | Orc:2    | Found a staircase to the Elven Halls.
 37582 | Orc:2    | Reached skill level 14 in Poison Magic
 38226 | Orc:2    | Found Feptuxoa's Antique Weapon Emporium.
 38226 | Orc:2    | Found a roughly hewn altar of Beogh.
 38235 | Orc:2    | Found Efaall's Antique Armour Shoppe.
 38263 | Orc:2    | Bought a runed buckler for 195 gold pieces
 38301 | Orc:2    | Found a roughly hewn altar of Beogh.
 38337 | Orc:2    | Found Ykogiuj's Weapon Shoppe.
 38386 | Orc:2    | Found a roughly hewn altar of Beogh.
 38478 | Orc:2    | Found a roughly hewn altar of Beogh.
 38481 | Orc:2    | Found Homaskoa's Antique Armour Boutique.
 38496 | Orc:2    | Bought a translucent leather armour for 182 gold pieces
 38506 | Orc:2    | Identified the cursed +0 leather armour "Zylanida" {Regen+}
                  | (You bought it in a shop on level 2 of the Orcish Mines)
 38573 | Orc:2    | Found a roughly hewn altar of Beogh.
 38680 | D:14     | Reached skill level 1 in Shields
 38691 | D:13     | HP: 5/130 [vampire mosquito (5)]
 38691 | D:13     | HP: 1/130 [vampire mosquito (4)]
 39293 | D:14     | Found a gate to the Vaults.
 40355 | D:14     | Reached skill level 15 in Poison Magic
 41205 | D:14     | Reached skill level 10 in Invocations
 41205 | D:14     | Reached XP level 17. HP: 138/138 MP: 30/30
 41212 | D:14     | Learned a level 5 spell: Alistair's Intoxication
 41229 | D:15     | Entered Level 15 of the Dungeon
 41904 | D:15     | Noticed Roxanne
 41905 | D:15     | Noticed Josephine
 42628 | D:15     | Reached XP level 18. HP: 145/145 MP: 23/31
 42803 | D:15     | Killed Josephine
 42853 | D:15     | Found a bloodstained altar of Trog.
 42980 | D:15     | Found a staircase to the Depths.
 43827 | Lair:4   | Identified the ring of Busi {rPois rC+ Int+3} (You acquired
                  | it on level 4 of the Lair of Beasts)
 43956 | D:8      | Killed Prince Ribbit
 44445 | D:10     | Killed Anaz's ghost
 45436 | Swamp:1  | Entered Level 1 of the Swamp
 45662 | Lair:4   | Upgraded the game from 0.25-a0-774-g40ae2d4f90 to
                  | 0.25-a0-781-gc44aebf4fe
 45921 | Orc:2    | Bought a polished rapier for 315 gold pieces
 45921 | Orc:2    | Identified the +6 rapier "Ber Aheu" {vamp, rF+ MR+ Dex+6}
                  | (You bought it in a shop on level 2 of the Orcish Mines)
 45925 | Orc:2    | Bought a smoking rapier for 315 gold pieces
 45925 | Orc:2    | Identified the +5 rapier "Gasici" {venom, Int+2} (You
                  | bought it in a shop on level 2 of the Orcish Mines)
 46132 | Swamp:1  | Noticed a tentacled monstrosity
 46175 | Swamp:1  | Killed a tentacled monstrosity
 46410 | Swamp:1  | Noticed Frances
 46754 | Swamp:1  | Reached skill level 10 in Short Blades
 47434 | Swamp:1  | Found a transporter.
 47437 | Swamp:1  | Killed Frances
 47766 | Swamp:1  | Found a transporter.
 49617 | Swamp:2  | Reached skill level 10 in Spellcasting
 50842 | Swamp:2  | Noticed Donald
 50854 | Swamp:2  | Killed Donald
 55872 | Swamp:4  | Entered Level 4 of the Swamp
 56276 | Swamp:4  | HP: 7/149 [four-headed hydra (11)]
 56282 | Swamp:4  | Noticed a tentacled monstrosity
 56293 | Swamp:4  | Was placed under penance by Zin
 56293 | Swamp:4  | HP: 3/150 [tentacled monstrosity (6)]
 56294 | Swamp:4  | Slain by a tentacled monstrosity

Levels and vault maps discovered:
D:1:      ncdulo_watergridlock, layout_loops_ring, corexii_leaking_fountain
D:2:      layout_basic, lemuel_doored_altar
D:3:      layout_rooms, first_ration, nicolae_dithmenos_through_a_glass_darkly
D:4:      layout_loops_cross, hangedman_abyss_or_decor_lesser_grid
D:5:      layout_rooms, kennysheep_little_box,
          minmay_temple_entry_statues_fountains, kennysheep_generic_room_9,
          uniq_pikel
D:6:      layout_layer_cave, minmay_misc_feat_secret_circle,
          nrook_loot_triangle, uniq_maggie, uniq_grinder
D:7:      layout_basic, gammafunk_temple_overflow_pools, serial_shops, shop,
          shop, nicolae_shop_stone, the_bakery
D:8:      layout_loops_ring, lair_entry_dummy, guppyfry_shop_venom,
          uniq_prince_ribbit1
D:9:      layout_cave_pools, grunt_temple_overflow_open,
          serial_co_window_serial, co_window_corner_a, co_window_paths_a,
          co_window_paths_b, co_window_paths_a, co_window_corner_a,
          co_window_corner_a, co_window_paths_a, co_window_cross_2,
          co_window_broadway_b, co_window_broadway_b, co_window_2corner,
          co_window_of_opportunity_c, glass_columns_c, glass_columns_a,
          glass_columns_a
D:10:     layout_roguey, ebering_ghost_reflecting_pool, uniq_nergalle
D:11:     layout_layer_cave, patterned_corridor
D:12:     layout_loops_ring, zombieorc2_lemuel, serial_undead, serial_undead_b,
          serial_undead_e, serial_undead_a, serial_undead_f, lemuel_oklob_altar,
          uniq_sonja
D:13:     layout_basic, kennysheep_path_1
D:14:     layout_cave_pools, erik_vaults_2, hive_lemuel
D:15:     hangedman_depths_entry_try_elsewhere_first, layout_rooms,
          solitary_fountain, basic_altar, uniq_roxanne, uniq_josephine
Temple:   eino_temple_rhombus
Lair:1:   layout_regular_city, infiniplex_staircase_pool
Lair:2:   layout_chaotic_city, cheibrodos_lair_reptile_den, uniq_gastronok
Lair:3:   layout_big_grid
Lair:4:   layout_hall_layers, minmay_swamp_entry_reptiles,
          spider_nest_entry_rubble, portal_ice_cave_entry_pillars_2,
          grunt_forest_large_clearings, minmay_lair_oklob_chamber,
          lemuel_fruit_tree
Lair:5:   layout_cave_shapes, minmay_slime_entry_oklob_open
Lair:6:   cheibrodos_lair_end_hotspot, layout_long_grid
Swamp:1:  gammafunk_worm_tunnel, layout_basic_swamp, hangedman_swamp_cone,
          uniq_frances
Swamp:2:  cheibrodos_swamp_tower_of_moss, layout_basic_swamp,
          evilmike_swamp_ruin_house_4, uniq_donald
Swamp:3:  layout_basic_swamp, evilmike_swamp_ruin_house_3, roderic_carrion_pond
Swamp:4:  swamp_basic_johnstein, layout_basic_swamp, uniq_nikola
Orc:1:    layout_diamond_mine, enter_bailey_3
Orc:2:    grunt_orc_community_town_hall, layout_caves,
          grunt_orc_community_big_house_2, grunt_orc_community_big_house_1,
          grunt_orc_community_house_3, grunt_orc_community_house_1,
          grunt_orc_community_house_3, grunt_orc_community_house_1,
          grunt_orc_community_house_3, uniq_azrael

Skill      XL: |  1  2  3  4  5  6  7  8  9 10 11 12 13 14 15 16 17 18 |
---------------+-------------------------------------------------------+-----
Conjurations   | 2 3 4 7 8 |  8.0
Fighting       | 1 2 5 6 |  6.9
Stealth        | 4 5 |  5.0
Hexes          | 1 2 3 |  3.0
Poison Magic   | 1 2 3 5 6 12 13 15 | 15.0
Air Magic      | 1 2 3 |  3.0
Spellcasting   | 4 6 7 9 10 | 10.2
Summonings     | 2 3 |  3.0
Translocations | 2 3 |  3.0
Slings         | 4 7 10 11 12 13 14 | 14.0
Evocations     | 2 5 |  5.0
Fire Magic     | 2 3 |  3.2
Ice Magic      | 2 3 |  3.0
Short Blades   | 1 5 6 9 10 | 10.8
Transmutations | 3 5 6 7 |  7.0
Invocations    | 3 5 7 10 11 12 | 12.0
Shields        | 2 3 |  3.0
Dodging        | |  1.5

Action                   |  1- 3 |  4- 6 |  7- 9 | 10-12 | 13-15 | 16-18 || total
-------------------------+-------+-------+-------+-------+-------+-------++-------
Melee: Unarmed           |     7 |       |       |       |       |       ||     7
       Dagger            |    44 |    58 |   123 |   143 |       |       ||   368
       Club              |     3 |       |       |       |       |       ||     3
       Staff             |       |       |       |     4 |       |    34 ||    38
       Rapier            |       |       |       |       |       |   385 ||   385
       Constrict         |       |       |       |       |       |    56 ||    56
 Fire: Hunting sling     |       |       |    98 |   483 |  1154 |   220 ||  1955
       Fustibalus        |       |       |       |       |       |   456 ||   456
Throw: Dart              |       |       |     1 |       |       |       ||     1
       Throwing net      |       |       |       |     2 |       |       ||     2
       Boomerang         |       |       |       |    33 |       |       ||    33
       Stone             |       |       |       |       |       |    20 ||    20
 Cast: Magic Dart        |    66 |   126 |    61 |    98 |    18 |       ||   369
       Call Imp          |       |    15 |    15 |    36 |       |       ||    66
       Blink             |       |     3 |     4 |     2 |     4 |    12 ||    25
       Mephitic Cloud    |       |     4 |    25 |   129 |    62 |    17 ||   237
       Frozen Ramparts   |       |       |       |    10 |     3 |     2 ||    15
       Slow              |       |       |       |     3 |       |     4 ||     7
       Ignite Poison     |       |       |       |    13 |    33 |   109 ||   155
       Olgreb's Toxic Ra |       |       |       |       |    14 |    39 ||    53
       Conjure Flame     |       |       |       |       |     1 |       ||     1
       Eringya's Noxious |       |       |       |       |       |    47 ||    47
       Alistair's Intoxi |       |       |       |       |       |     1 ||     1
Invok: Donate Gold       |       |       |       |     1 |       |       ||     1
       Renounce Religion |       |       |       |     1 |       |       ||     1
       Imprison          |       |       |       |       |     1 |     1 ||     2
       Recite            |       |       |       |       |       |     2 ||     2
       Sanctuary         |       |       |       |       |       |     3 ||     3
 Abil: Spit Poison       |     7 |     6 |    18 |    11 |     1 |     2 ||    45
       Evoke Blink       |       |       |    23 |    26 |    17 |     5 ||    71
Evoke: Wand              |       |       |     1 |       |       |    12 ||    13
       Lightning rod     |       |       |       |       |     3 |       ||     3
  Use: Scroll            |       |     5 |     2 |    16 |    10 |    22 ||    55
       Potion            |       |       |     3 |     2 |    10 |    13 ||    28
 Stab: Sleeping          |       |     2 |       |       |       |     3 ||     5
       Confused          |       |       |     4 |    18 |       |     8 ||    30
       Distracted        |       |       |       |       |       |     1 ||     1
  Eat: Chunk             |     2 |     5 |    10 |    20 |    19 |    22 ||    78
       Ration            |       |     1 |     1 |     4 |     5 |    14 ||    25
Armor: Robe              |    18 |    26 |    32 |       |    48 |   345 ||   469
       Skin              |       |       |     9 |       |       |       ||     9
       Steam dragon scal |       |       |    43 |    88 |    58 |       ||   189
Dodge: Dodged            |    44 |    57 |   126 |   185 |   160 |   340 ||   912
Block: Buckler           |       |       |       |       |       |   199 ||   199

Table legend:
 A = Non-vault XP
 B = Vault XP
 C = Vault XP percentage of total XP
 D = Non-vault monster count
 E = Vault monster count
 F = Vault count percentage of total count
                 A         B        C        D         E       F
            +---------+---------+-------+---------+---------+-------
      Total |  135164 |   54668 |  28.8 |     762 |     252 |  24.9
            +---------+---------+-------+---------+---------+-------
        D:1 |      60 |       0 |   0.0 |      31 |       0 |   0.0
        D:2 |     273 |       0 |   0.0 |      35 |       0 |   0.0
        D:3 |      88 |       0 |   0.0 |      22 |       0 |   0.0
        D:4 |     195 |       0 |   0.0 |      11 |       0 |   0.0
        D:5 |     918 |     641 |  41.1 |      21 |       1 |   4.5
        D:6 |     952 |     633 |  39.9 |      28 |       2 |   6.7
        D:7 |     971 |     211 |  17.9 |      26 |       1 |   3.7
        D:8 |     710 |     450 |  38.8 |      21 |       4 |  16.0
        D:9 |    1274 |       0 |   0.0 |      16 |       0 |   0.0
       D:10 |    1888 |    1708 |  47.5 |      36 |       2 |   5.3
       D:11 |    8915 |       0 |   0.0 |      64 |       0 |   0.0
       D:12 |    6090 |    2857 |  31.9 |      30 |      43 |  58.9
       D:13 |    6093 |    1938 |  24.1 |      28 |       2 |   6.7
       D:14 |   16540 |    5942 |  26.4 |      63 |       6 |   8.7
       D:15 |   10619 |    4671 |  30.5 |      39 |       8 |  17.0
     Lair:1 |    4001 |       0 |   0.0 |      19 |       0 |   0.0
     Lair:2 |    6778 |     881 |  11.5 |      26 |       2 |   7.1
     Lair:3 |    6098 |     858 |  12.3 |      19 |       9 |  32.1
     Lair:4 |    4899 |    4313 |  46.8 |      16 |      26 |  61.9
     Lair:5 |    9625 |    1709 |  15.1 |      27 |       3 |  10.0
     Lair:6 |    7138 |    9266 |  56.5 |      30 |      28 |  48.3
    Swamp:1 |    9790 |    1876 |  16.1 |      22 |       1 |   4.3
    Swamp:2 |   14822 |    2793 |  15.9 |      46 |       2 |   4.2
    Swamp:3 |    9669 |     585 |   5.7 |      35 |       5 |  12.5
    Swamp:4 |       0 |     257 | 100.0 |       0 |       1 | 100.0
      Orc:1 |    3938 |    1882 |  32.3 |      35 |       8 |  18.6
      Orc:2 |    2820 |    8989 |  76.1 |      16 |      71 |  81.6
     Bailey |       0 |    2208 | 100.0 |       0 |      27 | 100.0
            +---------+---------+-------+---------+---------+-------
